AoeStats
← [TUC] P E L U S A

Arena

509386055Analyzed
3v3 RM · 6d ago on Sep 26, 2026· 52m 33s· 6 players
Game mode
Random Map
Map size
Normal (6 player)
Population
200
Speed
Normal
Resources
Standard
Victory
Conquest
Starting age
Dark Age
Ending age
Imperial Age
RankedLock teamsTeams togetherTeam positionsShared explorationLock speedFull tech treeHidden civsTurbo modeCheats
Victory
Defeat
🇪🇸 Teutons · Spain
1240
+17
🇪🇸 Saxons · Spain
1182
+19
🇪🇸 Malay · Spain
1164
+19
🇩🇰 Persians · Denmark
1270
-19
🇺🇸 Georgians · United States
1265
-19
🇮🇪 Britons · Ireland
1213
-17
ׅ
1:19 Loom
9:24 Feudal Age
13:42 Castle Age
12:57 Double-Bit Axe
13:44 Horse Collar
23:03 Forging
23:35 Scale Barding Armor
24:57 Wheelbarrow
24:12 Town Watch
25:19 Iron Casting
25:00 Husbandry
25:45 Bloodlines
25:02 Light Cavalry
26:29 Chain Barding Armor
28:09 Gold Mining
28:25 Heavy Plow
31:27 Stone Mining
34:11 Imperial Age
32:06 Fortified Wall
32:33 Bow Saw
32:59 Stone Shaft Mining
33:20 Fletching
33:31 Scale Mail Armor
33:16 Man-at-Arms
33:41 Gambesons
33:57 Squires
35:12 Chain Mail Armor
35:57 Blast Furnace
34:53 Bodkin Arrow
35:34 Plate Barding Armor
35:43 Masonry
35:55 Ballistics
35:01 Long Swordsman
35:13 Cavalier
35:14 Hussar
35:52 Arson
36:53 Hand Cart
36:03 Two-Handed Swordsman
38:39 Plate Mail Armor
38:09 Bracer
38:46 Crop Rotation
39:10 Champion
41:22 Conscription
41:24 Svan Towers
41:55 Hoardings
44:19 Murder Holes
44:55 Architecture
45:04 Capped Ram
45:58 Aznauri Cavalry
47:03 Elite Monaspa
48:33 Siege Engineers
[TUC] P E L U S A
1:33 Loom
9:14 Feudal Age
8:31 Loom
9:50 Double-Bit Axe
10:16 Horse Collar
15:55 Castle Age
13:43 Loom
15:01 Stone Mining
15:23 Town Watch
16:40 Wheelbarrow
16:32 Bow Saw
17:15 Wheelbarrow
19:01 Gold Mining
20:14 Heavy Plow
24:01 Forging
24:03 Husbandry
24:14 Bloodlines
27:27 Scale Barding Armor
28:40 Hand Cart
33:36 Imperial Age
31:35 Fletching
32:21 Iron Casting
32:17 Town Patrol
32:55 Gold Shaft Mining
33:33 Cavalier
36:18 Two-Man Saw
35:50 Crop Rotation
35:49 Heavy Scorpion
39:01 Chemistry
38:22 Ballistics
37:44 Savar
38:22 Light Cavalry
40:00 Kamandaran
40:27 Conscription
40:08 Kamandaran
42:30 Hussar
46:26 Chain Barding Armor
46:08 Padded Archer Armor
49:04 Plate Barding Armor
49:30 Blast Furnace
49:59 Pikeman
50:39 Squires
51:30 Scale Mail Armor
Langley^
10:25 Feudal Age
14:01 Castle Age
12:10 Double-Bit Axe
12:17 Horse Collar
22:54 Wheelbarrow
28:55 Imperial Age
26:29 Fletching
26:40 Scale Mail Armor
26:52 Forging
27:34 Hand Cart
27:31 Bow Saw
27:00 Crossbowman
27:37 Pikeman
28:44 Bodkin Arrow
29:05 Chain Mail Armor
29:57 Ballistics
29:49 Bracer
30:51 Chemistry
31:00 Arbalester
33:15 Warwolf
33:41 Halberdier
34:22 Squires
34:07 Arson
34:38 Loom
35:04 Padded Archer Armor
35:35 Plate Mail Armor
35:40 Iron Casting
41:10 Gambesons
45:10 Onager
PachiSeg
11:21 Feudal Age
15:25 Castle Age
13:49 Double-Bit Axe
14:20 Horse Collar
15:37 Loom
24:13 Wheelbarrow
24:14 Heavy Plow
27:38 Forging
27:37 Scale Barding Armor
30:18 Imperial Age
28:59 Iron Casting
28:17 Gold Mining
29:03 Pikeman
29:43 Squires
30:00 Halberdier
32:38 Blast Furnace
32:05 Town Watch
32:13 Fletching
33:24 Bow Saw
37:26 Conscription
37:06 Forced Levy
39:41 Husbandry
39:38 Bodkin Arrow
41:03 Bracer
41:04 Padded Archer Armor
41:41 Man-at-Arms
42:45 Long Swordsman
43:43 Two-Handed Swordsman
47:47 Leather Archer Armor
48:04 Crop Rotation
47:26 Stone Mining
50:42 Ring Archer Armor
50:51 Elite Battle Elephant
53:24 Gold Shaft Mining
53:25 Stone Shaft Mining
Orvalar
11:45 Feudal Age
12:26 Double-Bit Axe
12:33 Horse Collar
15:38 Castle Age
13:57 Gold Mining
16:35 Bow Saw
16:41 Heavy Plow
21:43 Squires
21:52 Scale Mail Armor
23:32 Squires
23:49 Chain Mail Armor
24:25 Wheelbarrow
25:25 Forging
25:24 Gambesons
27:13 Iron Casting
27:29 Pikeman
36:04 Imperial Age
33:22 Loom
33:54 Hand Cart
35:41 Scale Barding Armor
36:38 Fletching
36:15 Capped Ram
37:11 Elite Varangian Guard
40:02 Arson
40:52 Plate Mail Armor
40:55 Chain Barding Armor
43:24 Bodkin Arrow
43:55 Padded Archer Armor
44:07 Bloodlines
43:57 Husbandry
45:13 Conscription
44:15 Shield Wall
45:37 Light Cavalry
47:11 Halberdier
47:34 Siege Ram
49:51 Two-Man Saw
48:38 Treadmill Crane
49:04 Siege Engineers
49:09 Masonry
52:10 Hoardings
52:23 Stone Mining
53:09 Gold Shaft Mining
DonQuijote
10:29 Feudal Age
14:13 Castle Age
12:13 Double-Bit Axe
12:46 Horse Collar
15:47 Bow Saw
15:37 Town Watch
15:54 Loom
20:50 Wheelbarrow
20:30 Heavy Plow
21:24 Stone Mining
23:11 Stone Shaft Mining
23:48 Hand Cart
24:46 Gold Mining
26:44 Forging
29:15 Imperial Age
27:08 Scale Mail Armor
27:44 Pikeman
28:10 Gambesons
28:25 Squires
28:42 Chain Mail Armor
28:25 Fletching
28:56 Ballistics
28:47 Fortified Wall
29:21 Sanctity
30:30 Plate Mail Armor
30:24 Bodkin Arrow
31:12 Crenellations
32:08 Chemistry
31:13 Siege Engineers
31:08 Halberdier
31:45 Capped Ram
35:01 Scale Barding Armor
35:31 Iron Casting
35:13 Cavalier
36:04 Bloodlines
36:39 Hoardings
36:41 Paladin
40:36 Chain Barding Armor
41:16 Blast Furnace
41:53 Plate Barding Armor
41:08 Elite Teutonic Knight
42:09 Ironclad
43:48 Conscription
44:29 Masonry
44:35 Padded Archer Armor
46:57 Coinage
46:37 Guilds
47:24 Bombard Tower
49:50 Banking
51:01 Caravan
Connection lost

Rejoining the realm…

Still unreachable

The connection could not be restored.

Session expired

The server has moved on; the page needs a fresh start.